 Dungeon Crawl Stone Soup version 0.23-a0-494-g91793a9 (webtiles) character file.

26 Leeroy the Charmwright (level 3, -3/31 HPs)
             Began as a Gnoll Skald on Dec 3, 2018.
             Slain by a gnoll
             ... wielding a +0 spear
              (5 damage)
             ... on level 2 of the Dungeon.
             The game lasted 00:03:27 (703 turns).

Leeroy the Charmwright (Gnoll Skald)                 Turns: 703, Time: 00:03:28

Health: -3/31      AC:  4    Str: 11 (14) XL:     3   Next: 8%
Magic:  6/9        EV: 13    Int: 13 (15) God:
Gold:   85         SH:  0    Dex: 12 (14) Spells: 7/12 levels left

rFire    . . .     SeeInvis .   s - +2 spear (venom)
rCold    . . .     Gourm    .   (no shield)
rNeg     . . .     Faith    .   b - +0 leather armour
rPois    .         Spirit   .   i - +0 helmet
rElec    .         Reflect  .   (no cloak)
rCorr    .         Harm     .   (no gloves)
MR       .....                  (no boots)
Stlth    +.........             (no amulet)
HPRegen  0.10/turn              (no ring)
MPRegen  0.11/turn              (no ring)

@: singing, hasted, very quick
A: distributed training, fangs 1, strong nose
a: no special abilities


You were on level 2 of the Dungeon.
You were not hungry.

You visited 1 branch of the dungeon, and saw 2 of its levels.

You collected 85 gold pieces.

Inventory:

Hand Weapons
 a - a +0 falchion
 e - a +0 short sword
 q - a +0 dagger
 s - a +2 spear of venom (weapon)
 t - a +3 whip
Missiles
 n - 40 stones (quivered)
Armour
 b - a +0 leather armour (worn)
 i - a +0 helmet (worn)
 k - a +0 robe
 o - a +0 ring mail
Jewellery
 r - a +5 ring of protection {unknown}
Scrolls
 m - a scroll of fear {unknown}
Potions
 c - a potion of resistance {unknown}
 f - a potion of invisibility {unknown}
 g - a potion of curing {unknown}
 l - a potion of haste
 p - a potion of ambrosia {unknown}
Comestibles
 d - 5 rations


   Skills:
 + Level 4.5 Fighting
 + Level 0.6 Short Blades
 + Level 4.5 Long Blades
 + Level 0.6 Axes
 + Level 0.6 Maces & Flails
 + Level 0.6 Polearms
 + Level 0.6 Staves
 + Level 0.6 Slings
 + Level 0.6 Bows
 + Level 0.6 Crossbows
 + Level 0.6 Throwing
 + Level 2.5 Armour
 + Level 4.5 Dodging
 + Level 0.6 Stealth
 + Level 0.6 Shields
 + Level 0.6 Unarmed Combat
 + Level 5.0 Spellcasting
 + Level 0.4 Conjurations
 + Level 0.4 Hexes
 + Level 5.4 Charms
 + Level 0.4 Summonings
 + Level 0.4 Necromancy
 + Level 0.4 Translocations
 + Level 0.4 Transmutations
 + Level 0.4 Fire Magic
 + Level 0.4 Ice Magic
 + Level 0.4 Air Magic
 + Level 0.4 Earth Magic
 + Level 0.4 Poison Magic
 + Level 0.8 Invocations
 + Level 0.6 Evocations


You had 7 spell levels left.
You knew the following spells:

 Your Spells              Type           Power        Failure   Level  Hunger
a - Infusion              Chrm           ###.         2%          1    None
b - Song of Slaying       Chrm           ###.....     4%          2    ##.....
c - Shroud of Golubria    Chrm/Tloc      ##........   11%         2    ##.....

Your spell library contained the following spells:

 Spells                   Type           Power        Failure   Level  Hunger
 Regeneration             Chrm/Necr      ##........   22%         3    ###....
 Spectral Weapon          Hex/Chrm       ##......     22%         3    ###....


Dungeon Overview and Level Annotations

Branches:
Dungeon (2/15)

Altars:


Innate Abilities, Weirdness & Mutations

Your experience applies equally to all skills.
You have very sharp teeth.
Your uncanny sense of smell can sniff out nearby items.


Message History

It was a potion of haste.
You feel yourself speed up. The gnoll barely misses you.
The gnoll hits you but does no damage.
It was a potion of degeneration.
There was something very wrong with that liquid.
You feel weakened.
You feel dopey.
You feel clumsy. The gnoll barely misses you.
Okay, then.
Throwing (i - inventory)
n - 40 stones (quivered)
Press: ? - help, Shift-Dir - straight line, f/p - gnoll
Aim: a gnoll, wielding a +0 spear (lightly wounded)
Okay, then.
Quiver which item? (- for none, * to show all) (? for menu, Esc to quit)
Quivering
h - a potion of degeneration for throwing.
Tossing away (i - inventory. (/) - cycle)
h - a potion of degeneration
Press: ? - help, Shift-Dir - straight line, f/p - gnoll
Aim: a gnoll, wielding a +0 spear (lightly wounded)
You toss away a potion of degeneration.
The potion of degeneration completely misses the gnoll.
The gnoll hits you from afar with a +0 spear.
You die...

##############
#............#
#............######
#..................
#...........!......
#..................
#...........)......
#......g...........
#....@.g.w.........
#..................
...############......
##. ...... #. ......
#### ∆


You could see a worm and 2 gnolls.

Vanquished Creatures
  A gnoll (D:2)
  An ooze (D:1)
  A leopard gecko (D:2)
  A goblin (D:1)
  A hobgoblin (D:1)
  A bat (D:1)
  2 frilled lizards (D:1)
  5 kobolds (D:1)
  A rat (D:1)
14 creatures vanquished.

Notes
Turn   | Place    | Note
-------+----------+-------------------------------------------
     0 | D:1      | Leeroy the Gnoll Skald began the quest for the Orb.
     0 | D:1      | Reached XP level 1. HP: 20/20 MP: 6/6
   223 | D:1      | Reached XP level 2. HP: 22/26 MP: 7/7
   512 | D:1      | Learned a level 2 spell: Song of Slaying
   515 | D:1      | Learned a level 2 spell: Shroud of Golubria
   690 | D:2      | Reached skill level 5 in Spellcasting
   690 | D:2      | Reached XP level 3. HP: 10/31 MP: 7/9
   696 | D:2      | HP: 1/31 [gnoll/+0 spear (5)]
   703 | D:2      | Slain by a gnoll

Vault maps used:
D:1:      dpeg_arrival_refuge

Skill      XL: |  1  2 |
---------------+-------+-----
Spellcasting   | 5 |  5.0
Fighting       | |  4.5
Short Blades   | |  0.6
Long Blades    | |  4.5
Axes           | |  0.6
Maces & Flails | |  0.6
Polearms       | |  0.6
Staves         | |  0.6
Slings         | |  0.6
Bows           | |  0.6
Crossbows      | |  0.6
Throwing       | |  0.6
Armour         | |  2.5
Dodging        | |  4.5
Stealth        | |  0.6
Shields        | |  0.6
Unarmed Combat | |  0.6
Conjurations   | |  0.4
Hexes          | |  0.4
Charms         | |  5.4
Summonings     | |  0.4
Necromancy     | |  0.4
Translocations | |  0.4
Transmutations | |  0.4
Fire Magic     | |  0.4
Ice Magic      | |  0.4
Air Magic      | |  0.4
Earth Magic    | |  0.4
Poison Magic   | |  0.4
Invocations    | |  0.8
Evocations     | |  0.6

Action                   || total
-------------------------++-------
Melee: Falchion          ||    10
       Bite              ||     3
       Spear             ||    19
 Cast: Song of Slaying   ||     1
  Use: Scroll            ||     1
       Potion            ||     2
Armor: Leather armour    ||     9
Dodge: Dodged            ||    26
       Rpst.: Falchion   ||     7

Table legend:
 A = Non-vault XP
 B = Vault XP
 C = Vault XP percentage of total XP
 D = Non-vault monster count
 E = Vault monster count
 F = Vault count percentage of total count
                 A         B        C        D         E       F
            +---------+---------+-------+---------+---------+-------
      Total |      38 |       0 |   0.0 |      14 |       0 |   0.0
            +---------+---------+-------+---------+---------+-------
        D:1 |      21 |       0 |   0.0 |      12 |       0 |   0.0
        D:2 |      17 |       0 |   0.0 |       2 |       0 |   0.0
            +---------+---------+-------+---------+---------+-------
